AoeStats
← JamesRowle

Arabia

509059179Analyzed
1v1 RM · 8d ago on Sep 25, 2026· 51m 1s· 2 players
Game mode
Random Map
Map size
Tiny (2 player)
Population
200
Speed
Normal
Resources
Standard
Victory
Conquest
Starting age
Dark Age
Ending age
Imperial Age
RankedLock teamsTeams togetherTeam positionsShared explorationLock speedFull tech treeHidden civsTurbo modeCheats
Victory
Defeat
🇩🇪 Saxons · Germany
1286
+14
🇨🇳 Malians · China
1245
-14
kylin
8:15 Loom
10:24 Feudal Age
11:01 Double-Bit Axe
10:38 Man-at-Arms
12:30 Horse Collar
22:19 Castle Age
20:53 Gold Mining
21:44 Scale Mail Armor
21:54 Forging
21:52 Stone Mining
23:14 Bow Saw
22:33 Long Swordsman
23:14 Squires
23:26 Heavy Plow
24:25 Chain Mail Armor
24:01 Arson
30:41 Wheelbarrow
29:51 Town Watch
32:21 Hand Cart
34:54 Stone Shaft Mining
37:32 Bloodlines
37:23 Husbandry
37:29 Scale Barding Armor
38:11 Gold Shaft Mining
38:20 Iron Casting
41:41 Imperial Age
42:39 Chain Barding Armor
42:00 Cavalier
42:46 Farimba
45:10 Plate Barding Armor
46:51 Light Cavalry
48:40 Plate Mail Armor
JamesRowle
10:11 Feudal Age
9:47 Loom
14:26 Castle Age
15:48 Double-Bit Axe
16:44 Gold Mining
25:07 Bow Saw
24:50 Stone Mining
24:47 Horse Collar
26:47 Wheelbarrow
27:19 Squires
27:55 Hand Cart
28:55 Scale Mail Armor
29:06 Forging
30:10 Chain Mail Armor
35:24 Imperial Age
35:46 Iron Casting
35:02 Fletching
35:35 Ballistics
36:46 Murder Holes
36:34 Treadmill Crane
38:10 Conscription
37:11 Elite Hearth Troop
39:08 Two-Man Saw
38:13 Heavy Plow
38:06 Shield Wall
40:07 Hoardings
39:46 Masonry
39:32 Bodkin Arrow
40:28 Siege Engineers
41:07 Elite Varangian Guard
44:42 Pikeman
46:33 Halberdier
48:29 Gold Shaft Mining
Connection lost

Rejoining the realm…

Still unreachable

The connection could not be restored.

Session expired

The server has moved on; the page needs a fresh start.